 Dungeon Crawl Stone Soup version 0.32-a0-540-g866d13106e (webtiles) character file.

Game seed: 7190639036699749585

73 lunkers the Slasher (level 4, -12/33 HPs)
             Began as a Coglin Gladiator on Feb 29, 2024.
             Was a High Priest of Ignis.
             Mangled by an orc wizard
             ... wielding a +0 dagger of distortion
              (21 damage)
             ... on level 3 of the Dungeon.
             The game lasted 00:02:57 (2059 turns).

lunkers the Slasher (Coglin Gladiator)              Turns: 2059, Time: 00:02:58

Health: -12/33     AC:  4    Str: 17    XL:     4   Next: 27%
Magic:  4/4        EV: 12    Int:  7    God:    Ignis [*****.]
Gold:   166        SH:  0    Dex: 15    Spells: 3/3 levels left

rFire   + . .        y - +1 falchion (vamp) {Santos}
rCold   . . .        s - +1 dagger (protect) {Dagmar}
rNeg    . . .        b - +0 leather armour
rPois   .            c - +0 helmet
rElec   .            (no cloak)
rCorr   .            (no gloves)
SInv    .            (no boots)
Will    .....        (no amulet)
Stlth   +            (ring unavailable)
HPRegen 0.25/turn    (ring unavailable)
MPRegen 0.09/turn

%: no passive effects
@: revved
A: off-hand wielding, slow wielding, warmup strikes, no rings
a: Renounce Religion, Fiery Armour, Foxfire Swarm, Rising Flame


You were on level 3 of the Dungeon.
You worshipped Ignis.
Ignis was extremely pleased with you.
You visited 1 branch of the dungeon, and saw 3 of its levels.

You collected 166 gold pieces.

Inventory:

Hand Weapons
 a - a +0 long sword {Anacleto}
 g - a +0 short sword {Rubén}
 s - a +1 dagger of protection (offhand) {Dagmar}
 y - a +1 vampiric falchion (weapon) {Santos}
Missiles
 d - 3 throwing nets
 e - a javelin
Armour
 b - a +0 leather armour (worn)
 c - a +0 helmet (worn)
 w - a +0 chain mail
Scrolls
 j - 2 scrolls of revelation {unknown}
 l - a scroll of brand weapon {unknown}
 m - 2 scrolls of vulnerability {unknown}
 n - a scroll of teleportation {unknown}
 q - a scroll of torment {unknown}
 r - 3 scrolls of immolation
 t - 3 scrolls of identify {unknown}
 A - a scroll of acquirement {unknown}
Potions
 f - 3 potions of lignification {unknown}
 h - 2 potions of heal wounds {unknown}
 i - a potion of cancellation {unknown}
 k - a potion of enlightenment {unknown}
 o - a potion of ambrosia {unknown}
 p - a potion of attraction {unknown}
 u - 2 potions of magic {unknown}
 v - a potion of degeneration {unknown}
 x - a potion of brilliance {unknown}
 z - 2 potions of curing {unknown}


   Skills:
 - Level 2.0 Fighting
 + Level 5.0 Long Blades
 - Level 1.7 Throwing
 - Level 2.6 Dodging


You had 3 spell levels left.
You didn't know any spells.
Your spell library was empty.

Dungeon Overview and Level Annotations

Branches:
Dungeon (3/15)

Altars:
Fedhas
Kikubaaqudgha
Ignis


Innate Abilities, Weirdness & Mutations

You can wield a second weapon in your off-hand.
It takes a long time for you to wield or remove held weapons.
Your first few attacks do less damage.
Your grasper-arms cannot wear rings.


Message History

The orc wizard gestures wildly while chanting.
The orc wizard flickers and vanishes!
Deactivating autopickup; reactivate with Ctrl-A.
You aren't carrying any items that you can evoke.
An orc opens the door.
Found a falchion.
Found a scroll labelled AHOINL ZOALOU.
You swing at nothing.
You slash the orc with your +1 vampiric falchion!
You kill the orc!
You swing at nothing.
An orc breaks down the door.
Found 8 gold pieces.
You swing at nothing.
You swing at nothing.
You completely miss something with your +1 dagger of protection.
You barely miss something with your +1 vampiric falchion.
Something hits you. Space warps horribly around you!
* * * LOW HITPOINT WARNING * * *
You closely miss something with your +1 vampiric falchion.
You miss something with your +1 dagger of protection.
Something hits you.
* * * LOW HITPOINT WARNING * * *
You hit something with your +1 vampiric falchion.
You barely miss something with your +1 dagger of protection.
You hear some strange, mumbled words.
A magic dart appears from out of thin air!
The magic dart hits you!
* * * LOW HITPOINT WARNING * * *
You miss something with your +1 dagger of protection.
You hit something with your +1 vampiric falchion.
You feel better. Something hits you.
* * * LOW HITPOINT WARNING * * *
Space warps horribly around you!
* * * LOW HITPOINT WARNING * * *
You closely miss something with your +1 dagger of protection.
You miss something with your +1 vampiric falchion.
Something hits you but does no damage. Space warps horribly around you!!
Ouch! That really hurt!
You die...
Ignis goes out, and joins you in death.

#..######## #.# ...###
#.###### .....# #......##
##.#.# ## ##.####...#
#.#.# . #...#...#....##
..#.# #.#...#.#.#...#...#
####.# . #...)†###..#.# #
#.# ##.#$#.###†#.#....# #
#.# #..##'.o{@.'##...# #
#.# #.#...#####...#..#
####.# #.....#...#.#....#
.....# ##....#[..'......#
########...#o#...#.#....#
........?#..o#####...#..#
#######...##{.....'##...#
#.#. )#.###.#(#.#.# # ..
##.....###...#


You could see an orc.

Vanquished Creatures
  An adder (D:3)
  A ribbon worm (D:3)
  7 orcs (D:3)
  11 ball pythons
  4 endoplasms (D:1)
  A giant cockroach (D:3)
  5 goblins
  2 hobgoblins
  2 quokkas
  5 frilled lizards
  7 kobolds
  5 rats
51 creatures vanquished.

Notes
Turn   | Place    | Note
-------+----------+-------------------------------------------
     0 | D:1      | lunkers the Coglin Gladiator began the quest for the Orb.
     0 | D:1      | Reached XP level 1. HP: 16/16 MP: 1/1
     6 | D:1      | Noticed a polar bear
     6 | D:1      | Noticed a mana viper
     6 | D:1      | Noticed a redback
     7 | D:1      | Noticed a wolf
     7 | D:1      | Noticed a four-headed hydra
   318 | D:1      | Reached XP level 2. HP: 22/22 MP: 2/2
   695 | D:1      | Reached skill level 4 in Long Blades
   915 | D:2      | Reached XP level 3. HP: 18/27 MP: 3/3
   988 | D:2      | Found a faded altar of an unknown god.
  1008 | D:2      | Prayed at the altar of an unknown god.
  1008 | D:2      | Became a worshipper of Ignis, the Dying Flame
  1842 | D:3      | Found a blossoming altar of Fedhas.
  1842 | D:3      | Found an ancient bone altar of Kikubaaqudgha.
  1862 | D:3      | Reached XP level 4. HP: 33/33 MP: 4/4
  1989 | D:3      | Reached skill level 5 in Long Blades
  2059 | D:3      | Mangled by an orc wizard

Illustrated notes

Levels and vault maps discovered:
D:1:      onia_arrival_zoo_common, layout_loops_ring
D:2:      layout_loops_ring, hellmonk_ecumenical_altar_blasted,
          chequers_big_river
D:3:      layout_loops_ring, grunt_temple_overflow_growth_and_decay,
          grunt_ministairs_9, minmay_fractal_squares_diagonal_5, uniq_sigmund

Skill      XL: |  1  2  3  4 |
---------------+-------------+-----
Long Blades    | 4 5 |  5.0
Fighting       | |  2.0
Throwing       | |  1.7
Dodging        | |  2.6

Action                     |  1- 3 |  4- 6 || total
---------------------------+-------+-------++-------
  Melee: Long sword        |    88 |     6 ||    94
         Short sword       |    49 |       ||    49
         Dagger            |    27 |    21 ||    48
         Falchion          |       |    18 ||    18
   Stab: Sleeping          |       |     1 ||     1
 Armour: Leather armour    |    57 |    15 ||    72
  Dodge: Dodged            |    47 |    13 ||    60

Table legend: (Time is in decaauts)
 A = Elapsed time spent in this place.
 B = Non-inter-level travel time spent in this place.
 C = Inter-level travel time spent in this place.
 D = Time resting spent in this place.
 E = Time spent auto-exploring this place.
 F = Levels seen in this place.
 G = Mean time per level.
                   A        B        C        D        E       F      G
               +--------+--------+--------+--------+--------+-----+--------+
         Total |   2071 |   1992 |     79 |      0 |   1591 |   3 |  690.3 |
       Dungeon |   2071 |   1992 |     79 |      0 |   1591 |   3 |  690.3 |
               +--------+--------+--------+--------+--------+-----+--------+

Top non-repeatable levels by time:
     D:1: 856 daAuts
     D:2: 815 daAuts
     D:3: 399 daAuts
